 Dungeon Crawl Stone Soup version 0.28-a0-261-gc0b50483a2 (webtiles) character file.

Game seed: 183091248485159155

2780 Froggeryz the Slicer (level 9, -5/57 HPs)
             Began as an Octopode Berserker on Aug 27, 2021.
             Was an Elder of Trog.
             Slain by a killer bee (7 damage)
             ... on level 8 of the Dungeon.
             The game lasted 00:06:41 (7020 turns).

Froggeryz the Slicer (Octopode Berserker)           Turns: 7020, Time: 00:06:41

Health: -5/57      AC:  1    Str: 22    XL:     9   Next: 70%
Magic:  9/9        EV: 17    Int: 10    God:    Trog [****..]
Gold:   419        SH:  0    Dex: 26    Spells: 8/8 levels left

rFire   . . .      SeeInvis .   i - +2 dagger (venom)
rCold   . . .      Faith    .   (no shield)
rNeg    . . .      Spirit   .   (helmet restricted)
rPois   +          Reflect  .   (no amulet)
rElec   .          Harm     .   o - ring of willpower
rCorr   .          Rampage  .   t - +6 ring of dexterity
Will    +++..                   b - ring of poison resistance
Stlth   ++++++....              z - +6 ring of strength
HPRegen 1.19/turn               A - +6 ring of dexterity
MPRegen 0.11/turn               (no ring)
                                (no ring)
                                (no ring)

@: strong-willed, regenerating
A: almost no armour, amphibious, 8 rings, camouflage 1, gelatinous body 1,
(nimble swimmer 1), tentacles
a: Renounce Religion, Berserk, Trog's Hand, Brothers in Arms


You were on level 8 of the Dungeon.
You worshipped Trog.
Trog was greatly pleased with you.
You visited 1 branch of the dungeon, and saw 8 of its levels.

You collected 739 gold pieces.
You spent 320 gold pieces at shops.

Inventory:

Hand Weapons
 i - a +2 dagger of venom (weapon)
 x - the +4 short sword "Poivid" {flame, rCorr Str+5 Dex-3 SInv}
   (You bought it in a shop on level 5 of the Dungeon)

   It burns those it strikes, dealing additional fire damage.
   Str:       It affects your strength (+5).
   Dex:       It affects your dexterity (-3).
   SInv:      It lets you see invisible.
   rCorr:     It protects you from acid and corrosion.
 F - a +4 vorpal hunting sling
Missiles
 d - 40 poisoned darts (quivered)
 G - 22 sling bullets
 H - 3 javelins
 K - 5 curare-tipped darts
Armour
 E - a +0 buckler
Jewellery
 b - a ring of poison resistance (on tentacle)
 o - a ring of willpower (left tentacle)
 t - a +6 ring of dexterity (right tentacle)
 z - a +6 ring of strength (on tentacle)
 A - a +6 ring of dexterity (on tentacle)
Wands
 c - a wand of flame (10)
 m - a wand of polymorph (6)
 u - a wand of charming (9)
 D - a wand of acid (7)
Scrolls
 f - 3 scrolls of magic mapping
 g - 3 scrolls of teleportation
 j - a scroll of brand weapon
 p - a scroll of holy word
 r - a scroll of fear
 s - a scroll of fog
 w - a scroll of enchant armour
 y - a scroll of noise {unknown}
 B - a scroll of identify
 I - a scroll of acquirement {unknown}
Potions
 a - 2 potions of brilliance {unknown}
 e - a potion of degeneration {unknown}
 h - 2 potions of magic {unknown}
 k - 2 potions of mutation {unknown}
 l - a potion of haste {unknown}
 n - a potion of invisibility {unknown}
 q - a potion of lignification {unknown}
 v - a potion of ambrosia {unknown}
 C - a potion of heal wounds {unknown}
 J - 2 potions of flight {unknown}


   Skills:
 - Level 3.4 Fighting
 - Level 10.0 Short Blades
 + Level 4.7 Dodging
 - Level 9.2 Stealth
 * Level 4.1 Shields


You had 8 spell levels left.
You didn't know any spells.
Your spell library was empty.

Dungeon Overview and Level Annotations

Branches:
Dungeon (8/15)             Temple (0/1) D:5
   Lair: D:8-11

Altars:
Cheibriados
Kikubaaqudgha
Nemelex Xobeh
Vehumet

Shops:
D:3 (   D:4 =   D:5 *


Innate Abilities, Weirdness & Mutations

You cannot wear most types of armour.
You are amphibious.
You can wear up to eight rings at the same time.
Your skin changes colour to match your surroundings (Stealth+).
Your rubbery body absorbs attacks. (AC +1, EV +1)
((You are camouflaged near water. (Stealth+)))
You have tentacles for arms and can constrict up to eight enemies at once.


Message History

The killer bee is heavily wounded.
You constrict the killer bee. The killer bee misses you.
The killer bee stings you but does no damage.
The killer bee stings you.
You hit the killer bee. You burn the killer bee.
Your squeeze misses the killer bee.
The killer bee is almost dead.
You constrict the killer bee. The killer bee barely misses you. x2
The killer bee stings you. The killer bee misses you.
You hit the killer bee. You burn the killer bee.
You kill the killer bee!
Trog accepts your kill. The killer bee stings you.
The killer bee barely misses you. The killer bee stings you!
You hit the killer bee but do no damage.
Your grab misses the killer bee. Your squeeze misses the killer bee.
The killer bee barely misses you. The killer bee stings you.
You completely miss the killer bee. Your grab misses the killer bee.
The killer bee stings you. The killer bee stings you!
You are too injured to fight recklessly!
You are too injured to fight recklessly!
You closely miss the killer bee. Your grab misses the killer bee.
Your squeeze misses the killer bee. The killer bee stings you.
* * * LOW HITPOINT WARNING * * *
The killer bee stings you but does no damage.
The +4 short sword "Poivid" {flame, rCorr Str+5 Dex-3 SInv} stops flaming.
Your +2 dagger of venom begins to drip with poison!
i - a +2 dagger of venom (weapon)
The killer bee stings you!
* * * LOW HITPOINT WARNING * * *
The killer bee completely misses you.
Okay, then.
Your skin crawls.
You feel strong-willed. The killer bee barely misses you.
The killer bee stings you!
* * * LOW HITPOINT WARNING * * *
The killer bee misses you. x2
You closely miss the killer bee. Your grab misses the killer bee.
The killer bee stings you!
You die...

#..##.##.....#
#....<.#.....#
#......'....<#
########.....#
#.........#
#.........#
#..$.##+#.#
#....# ..#
#.@y.# ..
+.y..# #..
#....# ..
.....# ......#
.......#
........#
#######+##


You could see 2 killer bees.

Vanquished Creatures
  Joseph (D:7)
  A water moccasin (D:5)
  3 black bears
  A sky beast (D:5)
  2 necrophages
  An ice beast (D:6)
  A centaur (D:5)
  3 ogres
  A bullfrog (D:6)
  A wyvern zombie (D:5)
  A water moccasin zombie (D:6)
  A water moccasin skeleton (D:5)
  2 killer bees (D:8)
  A howler monkey (D:6)
  A bullfrog zombie (D:7)
  3 centaur zombies
  An iron imp (D:5)
  A bullfrog skeleton (D:7)
  A jelly (D:5)
  4 orc priests
  2 centaur skeletons
  6 hounds
  4 iguanas
  Ijyb (D:3)
  Jessica (D:3)
  A scorpion zombie (D:5)
  Terence (D:3)
  A howler monkey zombie (D:6)
  7 adders
  4 gnolls (D:3)
  2 howler monkey skeletons
  2 white imps (D:7)
  4 ufetubi
  2 worms (D:3)
  An adder skeleton (D:4)
  A dart slug (D:4)
  22 orcs
  8 ball pythons
  5 endoplasms
  2 giant cockroaches (D:3)
  5 hobgoblins
  4 jackals
  2 quokkas
  5 bats
  A frilled lizard (D:3)
  8 goblins
  2 kobolds
  7 rats
142 creatures vanquished.

Notes
Turn   | Place    | Note
-------+----------+-------------------------------------------
     0 | D:1      | Froggeryz the Octopode Berserker began the quest for the
                  | Orb.
     0 | D:1      | Reached XP level 1. HP: 16/16 MP: 1/1
   430 | D:1      | Reached skill level 1 in Stealth
   572 | D:1      | Reached XP level 2. HP: 21/21 MP: 2/2
   948 | D:2      | Reached XP level 3. HP: 26/26 MP: 3/3
  1022 | D:2      | Found a faded altar of an unknown god.
  1135 | D:2      | Reached skill level 4 in Short Blades
  1535 | D:3      | Found Boituot's Antique Weapon Shop.
  1561 | D:3      | Reached ** piety under Trog
  1727 | D:3      | Reached XP level 4. HP: 27/31 MP: 4/4
  1888 | D:3      | Found a radiant altar of Vehumet.
  1888 | D:3      | Found a sparkling altar of Nemelex Xobeh.
  1928 | D:3      | Noticed Terence
  1935 | D:3      | Killed Terence
  1936 | D:3      | Reached XP level 5. HP: 23/36 MP: 5/5
  2299 | D:3      | Reached skill level 5 in Short Blades
  2553 | D:3      | Noticed Ijyb
  2566 | D:3      | Killed Ijyb
  2567 | D:3      | Reached XP level 6. HP: 42/42 MP: 6/6
  2864 | D:3      | Reached skill level 6 in Short Blades
  2870 | D:3      | Noticed Jessica
  2877 | D:3      | Killed Jessica
  2878 | D:3      | Reached skill level 5 in Stealth
  3089 | D:4      | Reached *** piety under Trog
  3188 | D:4      | Noticed a necrophage
  3196 | D:4      | Killed a necrophage
  3197 | D:4      | Reached XP level 7. HP: 36/46 MP: 7/7
  3364 | D:4      | Found an ancient bone altar of Kikubaaqudgha.
  3794 | D:4      | Reached skill level 7 in Short Blades
  3830 | D:4      | Found Weret's Jewellery Emporium.
  4028 | D:5      | Entered Level 5 of the Dungeon
  4440 | D:5      | Reached XP level 8. HP: 21/52 MP: 8/8
  4644 | D:5      | Found a staircase to the Ecumenical Temple.
  4725 | D:5      | Reached skill level 8 in Short Blades
  5205 | D:5      | Reached skill level 9 in Short Blades
  5418 | D:5      | Found Hyhaypsi's Assorted Antiques.
  5423 | D:5      | Bought a scroll labelled CATOROFR MUIFIA for 32 gold pieces
  5423 | D:5      | Bought a scroll labelled CATOROFR MUIFIA for 32 gold pieces
  5423 | D:5      | Bought a fine short sword for 256 gold pieces
  5423 | D:5      | Identified the +4 short sword "Poivid" {flame, rCorr Str+5
                  | Dex-3 SInv} (You bought it in a shop on level 5 of the
                  | Dungeon)
  5438 | D:5      | Found a snail-covered altar of Cheibriados.
  5688 | D:6      | Reached **** piety under Trog
  5689 | D:6      | Reached XP level 9. HP: 47/56 MP: 9/9
  5876 | D:6      | Reached skill level 10 in Short Blades
  6322 | D:7      | Reached skill level 1 in Shields
  6347 | D:7      | Noticed Joseph
  6365 | D:7      | Killed Joseph
  7019 | D:8      | HP: 2/57 [killer bee (7)]
  7020 | D:8      | Slain by a killer bee

Illustrated notes

Levels and vault maps discovered:
D:1:      dpeg_chamrin_arrival_tetris, layout_basic
D:2:      layout_loops_ring, shapermc_ecumenical_altar_starsandcircs,
          minmay_distorted
D:3:      layout_loops_corners, gammafunk_temple_overflow_pools, serial_shops,
          nicolae_shop_overgrown_old_shop, cheibrodos_gnoll_hut, uniq_terence,
          uniq_jessica, uniq_ijyb
D:4:      minmay_wonky_spiral, layout_loops_ring, kiku_gazebo_pond_becter,
          serial_shops, shop
D:5:      minmay_polygon_palace, layout_rooms, slow_altar_2, temple_green,
          serial_shops, kennysheep_little_box, small_statue_intersection
D:6:      layout_loops_ring
D:7:      layout_rooms, uniq_joseph
D:8:      minmay_gate_of_8, layout_gridville, lair_entry_dummy

Skill      XL: |  1  2  3  4  5  6  7  8  9 |
---------------+----------------------------+-----
Stealth        | 1 2 3 4 5 6 9 |  9.2
Short Blades   | 4 5 6 7 9 10 | 10.0
Shields        | 4 |  4.1
Dodging        | 4 |  4.7
Fighting       | |  3.4

Action                   |  1- 3 |  4- 6 |  7- 9 || total
-------------------------+-------+-------+-------++-------
Melee: Short sword       |    73 |     6 |     8 ||    87
       Constrict         |    12 |    18 |    36 ||    66
       Tentacles         |    11 |    20 |    64 ||    95
       Dagger            |       |    82 |   192 ||   274
 Fire: Hunting sling     |       |       |     3 ||     3
Throw: Dart              |     6 |     1 |       ||     7
Invok: Berserk           |       |     2 |     2 ||     4
       Trog's Hand       |       |       |     2 ||     2
  Use: Potion            |     1 |       |     1 ||     2
       Scroll            |       |       |     8 ||     8
 Stab: Sleeping          |     7 |    16 |    21 ||    44
Armor: Skin              |    11 |     3 |    12 ||    26
Dodge: Dodged            |    43 |    28 |   115 ||   186

Table legend: (Time is in decaauts)
 A = Elapsed time spent in this place.
 B = Non-inter-level travel time spent in this place.
 C = Inter-level travel time spent in this place.
 D = Time resting spent in this place.
 E = Time spent auto-exploring this place.
 F = Levels seen in this place.
 G = Mean time per level.
                   A        B        C        D        E       F      G
               +--------+--------+--------+--------+--------+-----+--------+
         Total |   6935 |   6716 |    219 |   1094 |   4730 |   8 |  866.9 |
       Dungeon |   6935 |   6716 |    219 |   1094 |   4730 |   8 |  866.9 |
               +--------+--------+--------+--------+--------+-----+--------+

Top non-repeatable levels by time:
     D:3: 1513 daAuts
     D:5: 1313 daAuts
     D:4: 1169 daAuts
     D:6: 850 daAuts
     D:2: 812 daAuts
     D:1: 707 daAuts
     D:7: 538 daAuts
     D:8: 30 daAuts
